 Dungeon Crawl Stone Soup version 0.29-a0-330-g52719c12eb (webtiles) character file.

Game seed: 9594562742743089526

9 sanka the Ruffian (level 2, -3/29 HPs)
             Began as a Gnoll Cinder Acolyte on May 5, 2022.
             Was a High Priest of Ignis.
             Slain by a gnoll
             ... wielding a +0 spear
              (5 damage)
             ... on level 1 of the Dungeon.
             The game lasted 00:00:17 (76 turns).

sanka the Ruffian (Gnoll Cinder Acolyte)              Turns: 76, Time: 00:00:18

Health: -3/29      AC:  2    Str: 13    XL:     2   Next: 16%
Magic:  5/5        EV: 11    Int: 13    God:    Ignis [*****.]
Gold:   0          SH:  0    Dex:  7    Spells: 6/6 levels left

rFire   + . .      SeeInvis .     - Unarmed
rCold   . . .      Faith    .   (no shield)
rNeg    . . .      Spirit   .   a - +0 robe
rPois   .          Reflect  .   (no helmet)
rElec   .          Harm     .   (no cloak)
rCorr   .          Rampage  .   (no gloves)
Will    .....                   (no boots)
Stlth   +.........              (no amulet)
HPRegen 0.09/turn               (no ring)
MPRegen 0.09/turn               (no ring)

@: no status effects
A: fangs 1, strong nose, distributed training
a: Renounce Religion, Fiery Armour, Foxfire Swarm, Rising Flame


You were on level 1 of the Dungeon.
You worshipped Ignis.
Ignis was extremely pleased with you.
You visited 1 branch of the dungeon, and saw 1 of its levels.


Innate Abilities, Weirdness & Mutations

You have very sharp teeth.
Your uncanny sense of smell can sniff out nearby items.
Your experience applies equally to all skills.


   Skills:
 + Level 6.4 Fighting
 + Level 0.3 Short Blades
 + Level 0.3 Long Blades
 + Level 0.3 Axes
 + Level 0.3 Maces & Flails
 + Level 0.3 Polearms
 + Level 0.3 Staves
 + Level 0.3 Slings
 + Level 0.3 Bows
 + Level 0.3 Crossbows
 + Level 0.3 Throwing
 + Level 0.3 Armour
 + Level 0.3 Dodging
 + Level 0.3 Stealth
 + Level 0.3 Shields
 + Level 6.4 Unarmed Combat
 + Level 2.7 Spellcasting
 + Level 0.2 Conjurations
 + Level 0.2 Hexes
 + Level 0.2 Summonings
 + Level 0.2 Necromancy
 + Level 0.2 Translocations
 + Level 0.2 Transmutations
 + Level 5.3 Fire Magic
 + Level 0.2 Ice Magic
 + Level 0.2 Air Magic
 + Level 0.2 Earth Magic
 + Level 0.2 Poison Magic
 + Level 0.4 Invocations
 + Level 0.3 Evocations


You had 6 spell levels left.
You didn't know any spells.
Your spell library contained the following spells:

 Spells                   Type           Power      Damage    Failure   Level
 Scorch                   Fire           30%        2d6       4%          2

Inventory:

Armour
 a - a +0 robe (worn)

Dungeon Overview and Level Annotations

Branches:
Dungeon (1/15)

Altars:

.........▒ ▒.≈..#
▒▒▒▒▒▒▒▒.▒▒▒▒▒▒▒▒#......
▒ ▒.▒....▒▒#≈.......
▒▒▒▒▒▒▒▒.▒.▒....#.#..£...
...............)≈.#...≈..
▒.▒........▒....#....≈.≈.
▒...▒▒▒▒.▒▒▒▒.▒.≈....≈_≈.
▒.▒▒▒ ▒.▒ ▒...≈)....≈..
▒▒▒ ▒.▒ ▒▒▒▒g≈g...... ▒
▒.▒ ▒..≈...... ▒ ..▒
▒...≈....# ▒ ▒▒▒▒
▒▒▒▒.#≈.≈≈ ...... .▒.▒▒
▒. ▒ .▒ ▒


You could see a gnoll.


Message History

The bat closely misses you.
You punch the bat!
You kill the bat!
You have reached level 2!
The dart slug bites you.
* * * LOW HITPOINT WARNING * * *
You barely miss the dart slug. You punch the dart slug.
The dart slug is lightly wounded.
The dart slug launches a dart at you. The slug dart misses you.
You hit the dart slug.
The dart slug is moderately wounded.
You hit the dart slug but do no damage.
The dart slug is moderately wounded.
The gnoll misses you. The dart slug bites you.
* * * LOW HITPOINT WARNING * * *
You punch the dart slug!
You kill the dart slug!
The gnoll hits you from afar with a +0 spear.
* * * LOW HITPOINT WARNING * * *
You closely miss the goblin. The goblin hits you but does no damage.
The gnoll hits you from afar with a +0 spear.
* * * LOW HITPOINT WARNING * * *
You hit the goblin.
You kill the goblin!
The gnoll hits you from afar with a +0 spear.
You die...

Action                   || total
-------------------------++-------
Melee: Unarmed           ||    25
       Bite              ||     2
       Punch             ||     1
Armor: Robe              ||     3
Dodge: Dodged            ||    20

Levels and vault maps discovered:
D:1:      dpeg_arrival_fog, layout_loops_ring,
          shapermc_ecumenical_altar_starsandcircs

Notes
Turn   | Place    | Note
-------+----------+-------------------------------------------
     0 | D:1      | sanka the Gnoll Cinder Acolyte began the quest for the Orb.
     0 | D:1      | Reached XP level 1. HP: 23/23 MP: 4/4
    59 | D:1      | Found a faded altar of an unknown god.
    69 | D:1      | Reached XP level 2. HP: 9/29 MP: 5/5
    75 | D:1      | HP: 2/29 [gnoll/+0 spear (3)]
    76 | D:1      | Slain by a gnoll

Vanquished Creatures
  2 dart slugs (D:1)
  A ball python (D:1)
  A bat (D:1)
  A goblin (D:1)
  A frilled lizard (D:1)
  A rat (D:1)
7 creatures vanquished.
